 Dungeon Crawl Stone Soup version 0.14-a0-59-gd5eeb80 (webtiles) character file.

21160 Sachiko the Grappler (level 12, 0/114 HPs)
             Began as a Troll Monk on Sept 30, 2013.
             Slain by an iguana (10 damage)
             ... on Level 11 of the Dungeon.
             The game lasted 00:50:31 (13086 turns).

Sachiko the Grappler (Troll Monk)                  Turns: 13086, Time: 00:50:32

HP   0/114       AC  8     Str 24      XL: 12   Next: 46%
MP   6/6         EV 15     Int  6      God:
Gold 652         SH  0     Dex 14      Spells:  2 memorised,  8 levels left

Res.Fire  : + . .   See Invis. : .     - Unarmed
Res.Cold  : + + .   Warding    : .   h - +2 robe {rC+}
Life Prot.: + . .   Conserve   : .   (shield restricted)
Res.Poison: +       Res.Corr.  : .   (helmet restricted)
Res.Elec. : .       Clarity    : .   l - +0 elf cloak
Sust.Abil.: . .     Spirit.Shd : .   (gloves unavailable)
Res.Mut.  : .       Stasis     : .   (boots unavailable)
Res.Rott. : .       Flight     : .   (no amulet)
Gourmand  : +                        y - ring of positive energy
                                     J - ring of Ilaret {rPois rF+ rC+}

@: somewhat resistant to hostile enchantments, fairly stealthy
A: unfitting armour, claws 3, berserk 1, breathe flames 1, fast metabolism 3,
gourmand, regeneration 2, saprovore 2, tough skin 2, AC +1, Int -2, Dex +2
a: Breathe Fire


You were on level 11 of the Dungeon.
You were very full.

You visited 4 branches of the dungeon, and saw 21 of its levels.

You collected 784 gold pieces.
You spent 132 gold pieces at shops.

Inventory:

Armour
 a - a +0 robe
 h - a +2 robe of cold resistance (worn)
 l - a +0 elven cloak (worn)
 N - a +0 steam dragon hide
Magical devices
 c - a wand of hasting (4)
 p - a wand of frost (4)
 r - a wand of fireball (0)
 t - a wand of paralysis (13)
 u - a wand of slowing (9)
 v - a wand of disintegration (10)
 B - a wand of frost (10)
 D - a wand of digging (9)
 K - a wand of disintegration (8)
 L - a wand of draining (2)
 Q - a wand of hasting (4)
 R - a wand of teleportation (3)
 V - a wand of paralysis (11)
Comestibles
 b - 5 meat rations
 g - 7 bread rations
 j - 15 sultanas
 o - 2 chokos
 q - 24 strawberries
 w - 6 pears
 Y - an apple
Scrolls
 e - 2 scrolls of amnesia
 f - 6 scrolls of teleportation
 i - 4 scrolls of fear
 k - 7 scrolls of identify
 m - 13 scrolls of remove curse
 s - 2 scrolls of fog
 C - 2 scrolls of enchant weapon II
 S - 2 scrolls of magic mapping
 T - a scroll of recharging
Jewellery
 d - a +1 ring of intelligence
 x - an uncursed ring of hunger
 y - a ring of positive energy (right claw)
 E - a +3 ring of intelligence
 J - the ring of Ilaret (left claw) {rPois rF+ rC+}
   (You found it on level 9 of the Dungeon)

   [ring of protection from cold]

   It protects you from fire.
   It protects you from poison.
Potions
 n - 4 potions of curing
 z - a potion of paralysis
 A - a potion of poison
 F - 2 potions of speed
 G - a potion of agility
 H - 2 potions of brilliance
 O - a potion of heal wounds
 P - a potion of magic
Miscellaneous
 I - a box of beasts
 M - a stone of tremors


   Skills:
 + Level 7.6 Fighting
 + Level 10.2 Dodging
 - Level 3.0 Stealth
 * Level 14.3 Unarmed Combat
 - Level 1.2 Evocations


You had 8 spell levels left.
You knew the following spells:

 Your Spells              Type           Power        Failure   Level  Hunger
a - Blink                 Tloc           N/A          77%         2    ###....
b - Confusing Touch       Hex            #.........   52%         1    ##.....


Dungeon Overview and Level Annotations

Branches:
Dungeon (11/27)            Temple (1/1) D:7            Lair (8/8) D:10
 Shoals (0/5) Lair:4        Snake (0/5) Lair:3        Slime (1/6) Lair:7
    Orc: D:6-11

Altars:
Ashenzari
Cheibriados
Elyvilon
Fedhas
Kikubaaqudgha
Makhleb
Nemelex Xobeh
Okawaru
Sif Muna
Trog
Vehumet
Xom
Yredelemnul
Zin
the Shining One
Beogh

Shops:
D:4 !


Innate Abilities, Weirdness & Mutations

You are too large for most types of armour.
You have claws for hands.
Your metabolism is lightning-fast.
You like to eat raw meat.
You heal very quickly.
You can eat rotten meat.
You are covered in fur (AC +1).
You have very tough skin (AC +2).
You are agile. (Dex +2)
You tend to lose your temper in combat.
You can breathe flames.
You are dopey. (Int -2)


Message History

The five-headed hydra bites you but does no damage.
The five-headed hydra barely misses you.
The iguana misses you. The five-headed hydra bites you!
* * * LOW HITPOINT WARNING * * *
The five-headed hydra barely misses you.
The five-headed hydra bites you!
* * * LOW HITPOINT WARNING * * *
The five-headed hydra bites you!
* * * LOW HITPOINT WARNING * * *
The five-headed hydra misses you.
There is a stone staircase leading up here.
There is a stone staircase leading up here.
The five-headed hydra closely misses you.
The five-headed hydra bites you but does no damage.
The five-headed hydra closely misses you.
The five-headed hydra bites you!
* * * LOW HITPOINT WARNING * * *
The iguana bites you!
You die...

#.# #.#
#.######.#
###........#
#.....####.#
#.#.#.##
#...
#.#....#
#.###
#.#<#..# #.#
#..D...###.#
###l@......#
###...####
......#
......+
...$.##
...### ...#
#.##


You could see a five-headed hydra and an iguana.

Vanquished Creatures
  The ghost of inmateoo the Brawler, a powerful TrMo of Kikubaaqudgha (Lair:6)
  The ghost of Sachiko the Grappler, a powerful TrMo (Lair:4)
  The ghost of Sar the Reanimator, a powerful DsNe of Ashenzari (Lair:1)
  A hill giant (D:10)
  A black mamba (Lair:2)
  5 elephants (Lair:6)
  The ghost of Sar the Spear-Bearer, an experienced NaDK of Yredelemnul (Lair:1)
  An item mimic (Lair:1)
  A spiny frog (Lair:7)
  A queen ant (Lair:6)
  2 trolls
  A polar bear (Lair:4)
  2 komodo dragons (Lair:2)
  2 fire drakes
  16 blink frogs
  A basilisk (Lair:1)
  2 ugly things (D:9)
  3 hippogriffs
  An elephant slug (Lair:4)
  A vampire mosquito (D:9)
  Grum (D:9)
  A steam dragon (Lair:7)
  2 wyverns
  8 wolves
  6 soldier ants (Lair:6)
  A black bear (D:6)
  5 porcupines
  A yellow wasp (D:10)
  2 orc warriors
  5 ice beasts
  4 ogres
  A sky beast (D:5)
  2 centaurs
  A boring beetle (Lair:4)
  4 crocodiles
  6 giant slugs
  7 water moccasins
  5 agate snails
  7 giant frogs
  11 killer bees
  A troll skeleton (D:8)
  2 quasits
  4 wights (D:10)
  5 crimson imps
  A goliath beetle (D:10)
  3 jellies
  6 orc priests
  A giant frog skeleton (D:8)
  4 hounds
  A centaur skeleton (D:9)
  5 iguanas
  7 orc wizards
  6 scorpions
  4 sheep (Lair:4)
  A killer bee zombie (D:9)
  18 worker ants
  Jessica (D:3)
  12 adders
  39 green rats
  A giant mite (D:5)
  3 giant centipedes
  6 worms
  2 adder skeletons
  A giant eyeball (D:5)
  4 giant geckos
  4 oozes
  47 orcs
  7 giant cockroaches
  9 goblins
  14 hobgoblins
  4 jackals
  9 quokkas
  24 bats
  A giant cockroach zombie (D:6)
  8 giant newts
  A giant newt skeleton (D:4)
  12 kobolds
  16 rats
  A rat zombie (D:6)
420 creatures vanquished.

Vanquished Creatures (others)
  2 blink frogs (Lair:7)
  A porcupine (Lair:7)
  An earth elemental (Lair:6)
  A green rat (Lair:4)
  A fungus (Lair:6)
6 creatures vanquished.

Grand Total: 426 creatures vanquished

Notes
Turn   | Place    | Note
--------------------------------------------------------------
     0 | D:1      | Sachiko, the Troll Monk, began the quest for the Orb.
     0 | D:1      | Reached XP level 1. HP: 20/20 MP: 0/0
    95 | D:2      | Reached XP level 2. HP: 28/28 MP: 0/0
   108 | D:2      | Reached XP level 3. HP: 31/35 MP: 1/1
   378 | D:3      | Noticed Jessica
   387 | D:3      | Killed Jessica
   531 | D:3      | Reached XP level 4. HP: 44/44 MP: 1/1
   834 | D:2      | Reached skill level 5 in Unarmed Combat
  1336 | D:4      | Noticed an ogre
  1422 | D:4      | Killed an ogre
  1422 | D:4      | Reached XP level 5. HP: 21/50 MP: 1/1
  1518 | D:4      | Reached XP level 6. HP: 31/59 MP: 2/2
  1736 | D:4      | Found Grorch Klogh's Distillery.
  1744 | D:4      | Bought a potion of poison for 12 gold pieces
  1744 | D:4      | Bought a potion of mutation for 36 gold pieces
  1744 | D:4      | Bought a potion of heal wounds for 36 gold pieces
  1744 | D:4      | Bought a potion of curing for 24 gold pieces
  1744 | D:4      | Bought a potion of curing for 24 gold pieces
  1745 | D:4      | Gained mutation: You are dopey. (Int -2) [potion of mutation]
  1745 | D:4      | Gained mutation: You have large cloven feet. [potion of mutation]
  1745 | D:4      | Gained mutation: You can breathe flames. [potion of mutation]
  2618 | D:5      | Entered Level 5 of the Dungeon
  2623 | D:5      | Reached skill level 6 in Unarmed Combat
  2691 | D:5      | Reached XP level 7. HP: 40/66 MP: 2/2
  2710 | D:5      | Paralysed by a giant eyeball for 4 turns
  2737 | D:5      | Lost mutation: You have large cloven feet. [mutagenic meat]
  2738 | D:5      | Gained mutation: You are agile. (Dex +2) [mutagenic meat]
  2739 | D:5      | Gained mutation: You tend to lose your temper in combat. [mutagenic meat]
  2961 | D:5      | Reached skill level 5 in Dodging
  3075 | D:5      | Reached skill level 7 in Unarmed Combat
  3162 | D:5      | Reached XP level 8. HP: 51/75 MP: 2/2
  3197 | D:5      | Found a roughly hewn altar of Beogh.
  3779 | D:6      | Identified Plitoutu's Volume of Virous Attacks
  4021 | D:6      | Reached skill level 8 in Unarmed Combat
  4241 | D:7      | Reached XP level 9. HP: 40/84 MP: 3/3
  4311 | D:7      | Paralysed by you for 6 turns
  4432 | D:7      | Found a staircase to the Ecumenical Temple.
  4500 | Temple   | Entered the Ecumenical Temple
  4766 | D:8      | Found a shattered altar of Ashenzari.
  5048 | D:8      | Reached skill level 1 in Evocations
  5050 | D:8      | Reached skill level 5 in Fighting
  5531 | D:9      | Learned a level 2 spell: Blink
  5605 | D:9      | Found an ancient bone altar of Kikubaaqudgha.
  5705 | D:9      | Noticed Grum
  5708 | D:9      | Reached skill level 9 in Unarmed Combat
  5718 | D:9      | Killed Grum
  6039 | D:9      | Learned a level 1 spell: Confusing Touch
  6111 | D:9      | Got a wavering golden ring
  6112 | D:9      | Identified the ring of Ilaret {rPois rF+ rC+} (You found it on level 9 of the Dungeon)
  6252 | D:9      | Reached skill level 10 in Unarmed Combat
  6252 | D:9      | Reached XP level 10. HP: 35/93 MP: 5/5
  6484 | D:10     | Entered Level 10 of the Dungeon
  6513 | D:10     | Noticed a hill giant
  6522 | D:10     | Killed a hill giant
  6719 | D:10     | Found a staircase to the Lair.
  7207 | Lair:1   | Entered Level 1 of the Lair of Beasts
  7262 | Lair:4   | Found a staircase to the Shoals.
  7470 | Lair:6   | Reached skill level 11 in Unarmed Combat
  7761 | Lair:6   | Noticed inmateoo's ghost (powerful TrMo)
  7789 | Lair:6   | Killed inmateoo's ghost
  7995 | Lair:6   | Reached XP level 11. HP: 84/102 MP: 5/5
  8168 | Lair:6   | Noticed an elephant
  8170 | Lair:6   | Noticed an elephant
  8171 | Lair:6   | Noticed an elephant
  8171 | Lair:6   | Noticed an elephant
  8172 | Lair:6   | Noticed an elephant
  8201 | Lair:6   | Killed an elephant
  8201 | Lair:6   | Reached skill level 12 in Unarmed Combat
  8203 | Lair:6   | Killed an elephant
  8207 | Lair:6   | Killed an elephant
  8211 | Lair:6   | Killed an elephant
  8218 | Lair:6   | Killed an elephant
  9108 | Lair:7   | Found a staircase to the Slime Pits.
  9114 | Lair:7   | Reached skill level 13 in Unarmed Combat
  9386 | Slime:1  | Entered Level 1 of the Pits of Slime
  9386 | Slime:1  | Noticed a great orb of eyes
  9386 | Slime:1  | Noticed an acid blob
  9471 | Lair:8   | Entered Level 8 of the Lair of Beasts
  9510 | Lair:7   | Noticed a four-headed hydra
  9972 | Lair:5   | Noticed a four-headed hydra
 10010 | Lair:4   | Noticed Sachiko's ghost (powerful TrMo)
 10022 | Lair:3   | Found a staircase to the Snake Pit.
 10201 | Lair:2   | Noticed a black mamba
 10207 | Lair:2   | Killed a black mamba
 11009 | Lair:1   | Reached XP level 12. HP: 113/113 MP: 6/6
 11216 | Lair:1   | Noticed Sar's ghost (powerful DsNe)
 11230 | Lair:1   | Killed Sar's ghost
 11261 | Lair:1   | Noticed Sar's ghost (experienced NaDK)
 11273 | Lair:1   | Killed Sar's ghost
 11568 | Lair:1   | Reached skill level 14 in Unarmed Combat
 12107 | Lair:4   | Killed Sachiko's ghost
 12107 | Lair:4   | Reached skill level 10 in Dodging
 12485 | Lair:4   | Noticed a six-headed hydra
 12928 | Lair:5   | Noticed a seven-headed hydra
 13039 | D:11     | Noticed a five-headed hydra
 13086 | D:11     | Slain by an iguana

Action                   |  1- 3 |  4- 6 |  7- 9 | 10-12 || total
-------------------------+-------+-------+-------+-------++-------
Melee: Unarmed           |    64 |   181 |   397 |   706 ||  1348
Evoke: Wand              |       |       |    16 |    23 ||    39
       Miscellaneous     |       |       |       |     1 ||     1
  Use: Scroll            |     7 |     7 |    10 |     7 ||    31
       Potion            |     4 |     3 |     4 |    13 ||    24
 Stab: Sleeping          |     1 |     2 |     7 |     7 ||    17
